 Dungeon Crawl Stone Soup version 0.30-a0-368-g86fb4627a9 (webtiles) character file.

Game seed: 6853352544918382527

992 mopl the Ducker (level 8, -2/67 HPs)
             Began as a Gnoll Monk on Nov 19, 2022.
             Was a Priest of the Shining One.
             Slain by a water moccasin (3 damage)
             ... on level 5 of the Dungeon.
             The game lasted 00:05:11 (3783 turns).

mopl the Ducker (Gnoll Monk)                        Turns: 3783, Time: 00:05:12

Health: -2/67      AC:  9    Str: 12    XL:     8   Next: 18%
Magic:  12/12      EV:  7    Int: 10    God:    the Shining One [***...]
Gold:   234        SH:  0    Dex: 15    Spells: 11/13 levels left

rFire   . . .      SeeInvis .    b - +0 flail
rCold   . . .      Faith    .    (no shield)
rNeg    + . .      Spirit   .    v - +0 chain mail
rPois   .          Reflect  .    (no helmet)
rElec   .          Harm     .    (no cloak)
rCorr   .          Rampage  .    (no gloves)
Will    .....      Clarity  +    (no boots)
Stlth   ..........               s - amulet of regeneration
HPRegen 1.11/turn                (no ring)
MPRegen 0.13/turn                (no ring)

@: brilliant, lethally poisoned (-2 -> -10), glowing
A: fangs 1, strong nose, distributed training, talons 1, clarity, screaming 1,
wild magic 1
a: Renounce Religion, Divine Shield, Cleansing Flame


You were on level 5 of the Dungeon.
You worshipped the Shining One.
The Shining One was most pleased with you.
You visited 1 branch of the dungeon, and saw 5 of its levels.

You collected 234 gold pieces.

Inventory:

Hand Weapons
 a - a +0 mace
 b - a +0 flail (weapon)
Missiles
 l - 18 poisoned darts (quivered)
 m - a throwing net
 x - 6 datura-tipped darts
Armour
 v - a +0 chain mail (worn)
Magical Staves
 y - a staff of earth
Jewellery
 s - an amulet of regeneration (around neck)
Wands
 j - a wand of quicksilver (12)
Scrolls
 d - 4 scrolls of identify {unknown}
 e - 2 scrolls of teleportation {unknown}
 f - a scroll of silence {unknown}
 g - 2 scrolls of poison {unknown}
 n - 2 scrolls of immolation {unknown}
 p - a scroll of enchant weapon {unknown}
 t - a scroll of butterflies {unknown}
 w - a scroll of fear {unknown}
Potions
 c - 3 potions of ambrosia
 h - a potion of curing {unknown}
 i - a potion of mutation {!q}
 k - a potion of brilliance
 o - a potion of might {unknown}
 q - a potion of lignification {unknown}
 r - a potion of heal wounds {unknown}
 u - a potion of haste {unknown}


   Skills:
 + Level 7.3 Fighting
 + Level 3.1 Short Blades
 + Level 3.1 Long Blades
 + Level 3.1 Axes
 + Level 7.3 Maces & Flails
 + Level 3.1 Polearms
 + Level 3.1 Staves
 + Level 3.1 Ranged Weapons
 + Level 3.1 Throwing
 + Level 3.1 Armour
 + Level 7.3 Dodging
 + Level 5.3 Stealth
 + Level 3.1 Shields
 + Level 3.1 Unarmed Combat
 + Level 3.1 Spellcasting
 + Level 2.5 Conjurations
 + Level 2.5 Hexes
 + Level 2.5 Summonings
 + Level 2.5 Necromancy
 + Level 2.5 Translocations
 + Level 2.5 Transmutations
 + Level 2.5 Fire Magic
 + Level 2.5 Ice Magic
 + Level 2.5 Air Magic
 + Level 2.5 Earth Magic
 + Level 2.5 Poison Magic
 + Level 3.5 Invocations
 + Level 3.1 Evocations


You had 11 spell levels left.
You knew the following spells:

 Your Spells              Type           Power      Damage    Failure   Level
e - Blink                 Tloc           26%        N/A       100%        2

Your spell library contained the following spells:

 Spells                   Type           Power      Damage    Failure   Level
 Momentum Strike          Conj/Tloc      26%        3d8       100%        2
 Kindle Blastsparks       Fire/Tloc/Air  26%        2d12      100%        3
 Lesser Beckoning         Tloc           26%        N/A       100%        3
 Animate Dead             Necr           13%        N/A       100%        4
 Fulminant Prism          Conj/Hex       6%         3d7       100%        4
 Iskenderun's Mystic Bla  Conj/Tloc      13%        2d5       100%        4
 Borgnjor's Vile Clutch   Necr/Erth      6%         N/A       100%        5
 Lee's Rapid Deconstruct  Erth           6%         3d6*      100%        5
 Death Channel            Necr           6%         N/A       100%        6


Dungeon Overview and Level Annotations

Branches:
Dungeon (5/15)             Temple (0/1) D:4

Altars:
Trog
The Shining One

Annotations:
D:4 3 runed translucent doors, Raultor's ghost, amateur OpTm


Innate Abilities, Weirdness & Mutations

You have very sharp teeth.
Your uncanny sense of smell can sniff out nearby items.
Your experience applies equally to all skills.
You have sharp toenails.
You possess an exceptional clarity of mind.
You occasionally shout uncontrollably at your foes.
Your spells are a little harder to cast, but a little more powerful.


Message History

The water moccasin completely misses you.
You are confused.
You feel invigorated.
You feel very sick. The water moccasin bites you!
* * * LOW HITPOINT WARNING * * *
You feel very sick. The white imp puffs mist at you.
The water moccasin bites you.
* * * LOW HITPOINT WARNING * * *
You closely miss the water moccasin.
You feel very sick.
The water moccasin bites you but does no damage.
You barely miss the water moccasin.
You feel very sick. The water moccasin bites you!
* * * LOW HITPOINT WARNING * * *
You are lethally poisoned!
The water moccasin poisons you! The black bear bites you.
* * * LOW HITPOINT WARNING * * *
The black bear claws you but does no damage. x2
The water moccasin bites you but does no damage.
It was a potion of mutation.
You feel extremely strange.
Your toenails lengthen and sharpen.
You feel the urge to shout.
You feel less in control of your magic.
Your thoughts seem clearer.
You feel less invigorated.
You feel less confused.
* * * LOW HITPOINT WARNING * * *
You feel very sick. The black bear bites you.
* * * LOW HITPOINT WARNING * * *
The black bear claws you but does no damage. x2
The water moccasin bites you.
* * * LOW HITPOINT WARNING * * *
It was a potion of brilliance.
You feel clever all of a sudden.
* * * LOW HITPOINT WARNING * * *
You feel very sick. The water moccasin bites you.
You die...

#.... #.... #.... #....
#############
#....##...#.......#
#........#5......#
#........'h......##
#..†.....#S@.......
.......##...#.........
..P....##...#.........
..._P..#....########..
..P....#...........# .
......###..........#######
..#... #...##...........#
∆ ..##..
#...##...........#
#...#............#


You could see a water moccasin, a black bear and a white imp.

Vanquished Creatures
  Sigmund (D:2)
  A black bear (D:5)
  A phantom (D:4)
  A gnoll sergeant (D:3)
  2 howler monkeys (D:3)
  4 hounds (D:3)
  A jelly (D:4)
  A gnoll bouda (D:3)
  An iguana (D:4)
  An orc wizard (D:3)
  14 gnolls (D:3)
  2 adders (D:4)
  A shadow imp (D:5)
  A worm (D:3)
  2 dart slugs
  24 orcs
  8 endoplasms
  2 giant cockroaches
  4 goblins
  11 hobgoblins
  18 jackals
  5 kobolds
  5 quokkas
  9 ball pythons
  5 bats
  4 frilled lizards
  4 rats
133 creatures vanquished.

Notes
Turn   | Place    | Note
-------+----------+-------------------------------------------
     0 | D:1      | mopl the Gnoll Monk began the quest for the Orb.
     0 | D:1      | Reached XP level 1. HP: 23/23 MP: 1/1
   158 | D:1      | Reached XP level 2. HP: 11/29 MP: 2/2
   754 | D:1      | Reached XP level 3. HP: 35/35 MP: 3/3
   998 | D:2      | Noticed Sigmund
  1028 | D:3      | Reached skill level 1 in Invocations
  1033 | D:3      | Reached skill level 1 in Short Blades
  1033 | D:3      | Reached skill level 1 in Long Blades
  1033 | D:3      | Reached skill level 1 in Axes
  1033 | D:3      | Reached skill level 1 in Polearms
  1033 | D:3      | Reached skill level 1 in Staves
  1033 | D:3      | Reached skill level 1 in Ranged Weapons
  1033 | D:3      | Reached skill level 1 in Throwing
  1033 | D:3      | Reached skill level 1 in Armour
  1033 | D:3      | Reached skill level 1 in Shields
  1033 | D:3      | Reached skill level 1 in Unarmed Combat
  1033 | D:3      | Reached skill level 1 in Spellcasting
  1033 | D:3      | Reached skill level 1 in Evocations
  1046 | D:3      | Reached XP level 4. HP: 12/41 MP: 5/5
  1487 | D:2      | Killed Sigmund
  1488 | D:2      | Reached skill level 1 in Conjurations
  1488 | D:2      | Reached skill level 1 in Hexes
  1488 | D:2      | Reached skill level 1 in Summonings
  1488 | D:2      | Reached skill level 1 in Necromancy
  1488 | D:2      | Reached skill level 1 in Translocations
  1488 | D:2      | Reached skill level 1 in Transmutations
  1488 | D:2      | Reached skill level 1 in Fire Magic
  1488 | D:2      | Reached skill level 1 in Ice Magic
  1488 | D:2      | Reached skill level 1 in Air Magic
  1488 | D:2      | Reached skill level 1 in Earth Magic
  1488 | D:2      | Reached skill level 1 in Poison Magic
  1488 | D:2      | Reached skill level 2 in Invocations
  1488 | D:2      | Reached XP level 5. HP: 44/47 MP: 5/7
  1594 | D:2      | Reached XP level 6. HP: 53/53 MP: 8/8
  1608 | D:2      | Learned a level 2 spell: Blink
  2137 | D:3      | Found a faded altar of an unknown god.
  2150 | D:3      | Prayed at the altar of an unknown god.
  2150 | D:3      | Became a worshipper of the Shining One
  2150 | D:3      | Reached * piety under the Shining One
  2150 | D:3      | Reached ** piety under the Shining One
  2200 | D:3      | Reached skill level 2 in Short Blades
  2200 | D:3      | Reached skill level 2 in Long Blades
  2200 | D:3      | Reached skill level 2 in Axes
  2200 | D:3      | Reached skill level 2 in Polearms
  2200 | D:3      | Reached skill level 2 in Staves
  2200 | D:3      | Reached skill level 2 in Ranged Weapons
  2200 | D:3      | Reached skill level 2 in Throwing
  2200 | D:3      | Reached skill level 2 in Armour
  2200 | D:3      | Reached skill level 2 in Shields
  2200 | D:3      | Reached skill level 2 in Unarmed Combat
  2200 | D:3      | Reached skill level 2 in Spellcasting
  2200 | D:3      | Reached skill level 2 in Evocations
  2393 | D:3      | Reached *** piety under the Shining One
  2415 | D:3      | Reached skill level 7 in Fighting
  2415 | D:3      | Reached skill level 7 in Maces & Flails
  2415 | D:3      | Reached skill level 7 in Dodging
  2415 | D:3      | Reached XP level 7. HP: 45/60 MP: 10/10
  2448 | D:3      | Reached skill level 2 in Conjurations
  2448 | D:3      | Reached skill level 2 in Hexes
  2448 | D:3      | Reached skill level 2 in Summonings
  2448 | D:3      | Reached skill level 2 in Necromancy
  2448 | D:3      | Reached skill level 2 in Translocations
  2448 | D:3      | Reached skill level 2 in Transmutations
  2448 | D:3      | Reached skill level 2 in Fire Magic
  2448 | D:3      | Reached skill level 2 in Ice Magic
  2448 | D:3      | Reached skill level 2 in Air Magic
  2448 | D:3      | Reached skill level 2 in Earth Magic
  2448 | D:3      | Reached skill level 2 in Poison Magic
  2584 | D:3      | Reached skill level 5 in Stealth
  2614 | D:3      | Reached skill level 3 in Invocations
  2984 | D:4      | Reached skill level 3 in Short Blades
  2984 | D:4      | Reached skill level 3 in Long Blades
  2984 | D:4      | Reached skill level 3 in Axes
  2984 | D:4      | Reached skill level 3 in Polearms
  2984 | D:4      | Reached skill level 3 in Staves
  2984 | D:4      | Reached skill level 3 in Ranged Weapons
  2984 | D:4      | Reached skill level 3 in Throwing
  2984 | D:4      | Reached skill level 3 in Armour
  2984 | D:4      | Reached skill level 3 in Shields
  2984 | D:4      | Reached skill level 3 in Unarmed Combat
  2984 | D:4      | Reached skill level 3 in Spellcasting
  2984 | D:4      | Reached skill level 3 in Evocations
  2984 | D:4      | Reached XP level 8. HP: 67/67 MP: 12/12
  3016 | D:4      | Found a runed translucent gate.
  3033 | D:4      | Found a runed translucent gate.
  3033 | D:4      | Found a runed translucent gate.
  3133 | D:4      | Noticed Raultor's ghost (amateur OpTm)
  3330 | D:4      | Found a staircase to the Ecumenical Temple.
  3738 | D:5      | Entered Level 5 of the Dungeon
  3763 | D:5      | Found a bloodstained altar of Trog.
  3782 | D:5      | Gained mutation: You have sharp toenails. [potion of
                  | mutation]
  3782 | D:5      | Gained mutation: You occasionally shout uncontrollably at
                  | your foes. [potion of mutation]
  3782 | D:5      | Gained mutation: Your spells are a little harder to cast,
                  | but a little more powerful. [potion of mutation]
  3782 | D:5      | Gained mutation: You possess an exceptional clarity of
                  | mind. [potion of mutation]
  3783 | D:5      | HP: 1/67 [poisoned by a water moccasin]
  3783 | D:5      | Slain by a water moccasin

Illustrated notes

Levels and vault maps discovered:
D:1:      amcnicky_arrival_abandoned_market, layout_loops_corners
D:2:      layout_loops_ring, grunt_ministairs_10, uniq_sigmund
D:3:      lemuel_castle_with_subvaults [lemuel_castle_interior_carwin_2],
          layout_basic, basic_ecumenical_altar
D:4:      layout_layer_cave, minmay_temple_entry_stoned_glass,
          gammafunk_ghost_icy
D:5:      layout_gridville, trog_ov_bears_minmay, grunt_temple_overflow_open,
          gammafunk_ghost_necromancy

Skill      XL: |  1  2  3  4  5  6  7 |
---------------+----------------------+-----
Invocations    | 1 2 3 |  3.5
Short Blades   | 1 2 3 |  3.1
Long Blades    | 1 2 3 |  3.1
Axes           | 1 2 3 |  3.1
Polearms       | 1 2 3 |  3.1
Staves         | 1 2 3 |  3.1
Ranged Weapons | 1 2 3 |  3.1
Throwing       | 1 2 3 |  3.1
Armour         | 1 2 3 |  3.1
Shields        | 1 2 3 |  3.1
Unarmed Combat | 1 2 3 |  3.1
Spellcasting   | 1 2 3 |  3.1
Evocations     | 1 2 3 |  3.1
Conjurations   | 1 2 |  2.5
Hexes          | 1 2 |  2.5
Summonings     | 1 2 |  2.5
Necromancy     | 1 2 |  2.5
Translocations | 1 2 |  2.5
Transmutations | 1 2 |  2.5
Fire Magic     | 1 2 |  2.5
Ice Magic      | 1 2 |  2.5
Air Magic      | 1 2 |  2.5
Earth Magic    | 1 2 |  2.5
Poison Magic   | 1 2 |  2.5
Fighting       | 7 |  7.3
Maces & Flails | 7 |  7.3
Dodging        | 7 |  7.3
Stealth        | 5 |  5.3

Action                   |  1- 3 |  4- 6 |  7- 9 || total
-------------------------+-------+-------+-------++-------
Melee: Mace              |    89 |       |       ||    89
       Bite              |    10 |    13 |    25 ||    48
       Punch             |     1 |     3 |     6 ||    10
       Flail             |       |   151 |   173 ||   324
  Use: Potion            |       |       |     3 ||     3
 Stab: Sleeping          |     9 |     6 |       ||    15
       Distracted        |       |     1 |       ||     1
Armor: Robe              |     5 |       |       ||     5
       Ring mail         |     7 |    32 |    29 ||    68
       Chain mail        |       |       |    60 ||    60
       Scale mail        |       |       |     7 ||     7
Dodge: Dodged            |    74 |   111 |   118 ||   303

Table legend: (Time is in decaauts)
 A = Elapsed time spent in this place.
 B = Non-inter-level travel time spent in this place.
 C = Inter-level travel time spent in this place.
 D = Time resting spent in this place.
 E = Time spent auto-exploring this place.
 F = Levels seen in this place.
 G = Mean time per level.
                   A        B        C        D        E       F      G
               +--------+--------+--------+--------+--------+-----+--------+
         Total |   3814 |   3660 |    154 |    235 |   2505 |   5 |  762.8 |
       Dungeon |   3814 |   3660 |    154 |    235 |   2505 |   5 |  762.8 |
               +--------+--------+--------+--------+--------+-----+--------+

Top non-repeatable levels by time:
     D:3: 1277 daAuts
     D:1: 967 daAuts
     D:4: 835 daAuts
     D:2: 688 daAuts
     D:5: 45 daAuts
